 Dungeon Crawl Stone Soup version 0.27.1-2-g3b301248ec (webtiles) character file.

Game seed: 14458318112981475305

235 chaosape the Magician (level 6, -2/47 HPs)
             Began as a Gnoll Wanderer on Oct 3, 2021.
             Was an Initiate of Gozag.
             Slain by an iguana (12 damage)
             ... on level 4 of the Dungeon.
             The game lasted 00:22:20 (4488 turns).

chaosape the Magician (Gnoll Wanderer)              Turns: 4488, Time: 00:22:23

Health: -2/47      AC:  3    Str: 13    XL:     6   Next: 5%
Magic:  9/13       EV: 12    Int: 11    God:    Gozag
Gold:   173        SH:  0    Dex: 12    Spells: 12/15 levels left

rFire    . . .     SeeInvis .     - Unarmed
rCold    . . .     Faith    .   (no shield)
rNeg     . . .     Spirit   .   d - +0 robe
rPois    .         Reflect  .   (no helmet)
rElec    .         Harm     .   (no cloak)
rCorr    .         Rampage  .   k - +0 pair of gloves
Will     .....                  (no boots)
Stlth    ++........             (no amulet)
HPRegen  0.15/turn              (no ring)
MPRegen  0.13/turn              (no ring)

@: gold aura
A: fangs 1, strong nose, distributed training
a: Renounce Religion, Potion Petition, Call Merchant, Bribe Branch


You were on level 4 of the Dungeon.
You worshipped Gozag.
Gozag was aware of your devotion.
You visited 1 branch of the dungeon, and saw 4 of its levels.

You collected 182 gold pieces.
You paid 9 gold pieces to Gozag.

Inventory:

Hand Weapons
 a - a +0 club
 i - a +0 club
 l - a +1 hunting sling
Missiles
 m - 34 arrows
 u - 30 bolts
Armour
 d - a +0 robe (worn)
 k - a +0 pair of gloves (worn)
 t - a +0 scale mail
Magical Staves
 s - a staff of cold
Jewellery
 j - an amulet of faith
Wands
 n - a wand of charming (7)
Scrolls
 b - a scroll of fear
 c - a scroll of teleportation {unknown}
 f - a scroll of amnesia {unknown}
 g - a scroll of enchant weapon
 o - a scroll of identify {unknown}
Potions
 h - 2 potions of ambrosia
 p - a potion of heal wounds
 q - a potion of flight {unknown}
 r - a potion of brilliance {unknown}


   Skills:
 + Level 3.1 Fighting
 + Level 1.7 Short Blades
 + Level 1.7 Long Blades
 + Level 1.7 Axes
 + Level 1.7 Maces & Flails
 + Level 1.7 Polearms
 + Level 1.7 Staves
 + Level 1.7 Slings
 + Level 1.7 Bows
 + Level 1.7 Crossbows
 + Level 1.7 Throwing
 + Level 1.7 Armour
 + Level 3.1 Dodging
 + Level 2.9 Stealth
 + Level 1.7 Shields
 + Level 3.1 Unarmed Combat
 + Level 5.3 Spellcasting
 + Level 1.3 Conjurations
 + Level 1.3 Hexes
 + Level 1.3 Summonings
 + Level 1.3 Necromancy
 + Level 1.3 Translocations
 + Level 2.5 Transmutations
 + Level 4.0 Fire Magic
 + Level 1.3 Ice Magic
 + Level 1.3 Air Magic
 + Level 1.3 Earth Magic
 + Level 1.3 Poison Magic
 + Level 2.0 Invocations
 + Level 3.1 Evocations


You had 12 spell levels left.
You knew the following spells:

 Your Spells              Type           Power      Damage    Failure   Level
a - Sting                 Tmut/Pois      28%        1d4       10%         1
b - Passwall              Tmut/Erth      5%         N/A       14%         2

Your spell library contained the following spells:

 Spells                   Type           Power      Damage    Failure   Level
 Blink                    Tloc           N/A        N/A       19%         2
 Ignite Poison            Fire/Tmut/Pois 8%         N/A       22%         3
 Swiftness                Air            5%         N/A       34%         3
 Animate Dead             Necr           2%         N/A       75%         4
 Cause Fear               Hex            2%         N/A       75%         4
 Borgnjor's Vile Clutch   Necr/Erth      2%         N/A       97%         5
 Manifold Assault         Tloc           5%         N/A       97%         5
 Death Channel            Necr           2%         N/A       100%        6
 Invisibility             Hex            2%         N/A       100%        6
 Dragon Form              Tmut           4%         N/A       100%        7
 Storm Form               Tmut/Air       3%         N/A       100%        7
 Dragon's Call            Summ           2%         N/A       100%        9


Dungeon Overview and Level Annotations

Branches:
Dungeon (4/15)
 Temple: D:4-7

Altars:
Gozag

Shops:
D:2 ?[   D:3 *


Innate Abilities, Weirdness & Mutations

You have very sharp teeth.
Your uncanny sense of smell can sniff out nearby items.
Your experience applies equally to all skills.


Message History

The sting hits the orc.
The orc is poisoned.
The orc is severely wounded.
The orc misses you.
Casting: Sting (safe; 10% risk of failure)
Confirm with . or Enter, or press ? or * to list all spells.
Aiming: Sting (safe; 10% risk of failure)
Press: ? - help, Shift-Dir - straight line, f/p - orc
Aim: an orc, wielding a +0 flail and wearing a +0 scale mail (severely wounded, poisoned, 72% to hit)
The sting hits the orc.
The orc looks even sicker.
The orc is almost dead.
The orc hits you with a +0 flail.
Casting: Sting (safe; 10% risk of failure)
Confirm with . or Enter, or press ? or * to list all spells.
Aiming: Sting (safe; 10% risk of failure)
Press: ? - help, Shift-Dir - straight line, f/p - orc
Aim: an orc, wielding a +0 flail and wearing a +0 scale mail (almost dead, very poisoned, 72% to hit)
The sting misses the orc.
The sting hits something but does no damage.
The orc closely misses you.
Casting: Sting (safe; 10% risk of failure)
Confirm with . or Enter, or press ? or * to list all spells.
Aiming: Sting (safe; 10% risk of failure)
Press: ? - help, Shift-Dir - straight line, f/p - orc
Aim: an orc, wielding a +0 flail and wearing a +0 scale mail (almost dead, very poisoned, 72% to hit)
You miscast Sting.
Nothing appears to happen.
You kill the orc!
The iguana bites you.
Your magical contamination has completely faded away.
The iguana bites you! The iguana bites you!
* * * LOW HITPOINT WARNING * * *
Casting: Sting (safe; 10% risk of failure)
Confirm with . or Enter, or press ? or * to list all spells.
Aiming: Sting (safe; 10% risk of failure)
Press: ? - help, Shift-Dir - straight line, f - iguana
Aim: an iguana (72% to hit)
The sting hits the iguana but does no damage.
The iguana is poisoned.
The iguana bites you!
You die...
Your body crumbles into a pile of gold.

#.##.##.### #.##.# #
#.##$# .# ##.##$##.###.
######...#........
#......#.o..#.###.
#.####...#.## .) #.#
##.##l# .# #.# #.##@###
.. $ ######.#####.##...#
. #....................
##..###.......##.#.##...
.......###...)...#.# ##
.......# #..####...#
.(.....###...###..##
........).....##..# $
.......###...###..#


You could see an iguana (poisoned) and an orc.

Vanquished Creatures
  2 orc priests (D:4)
  A jelly (D:4)
  Jessica (D:2)
  An orc wizard (D:4)
  3 adders
  A dart slug (D:1)
  4 orcs (D:4)
  8 ball pythons
  8 endoplasms
  3 giant cockroaches
  9 goblins
  4 hobgoblins
  6 kobolds
  2 quokkas (D:3)
  5 bats
  3 frilled lizards
  5 rats
66 creatures vanquished.

Notes
Turn   | Place    | Note
-------+----------+-------------------------------------------
     0 | D:1      | chaosape the Gnoll Wanderer began the quest for the Orb.
     0 | D:1      | chaosape set off with the following items: a +0 club, a
                  | scroll of fear, a potion of curing, a +0 robe, a potion of
                  | haste; and the following spell memorised: Sting; and the
                  | following spells available to memorise: Ignite Poison
     0 | D:1      | Reached XP level 1. HP: 17/17 MP: 6/6
   472 | D:1      | Reached XP level 2. HP: 23/23 MP: 7/7
  1208 | D:1      | Reached XP level 3. HP: 28/28 MP: 6/9
  1254 | D:1      | Reached skill level 5 in Spellcasting
  1963 | D:2      | Found Vacoem's Antique Armour Shop.
  1994 | D:2      | Reached skill level 1 in Invocations
  2205 | D:2      | Reached skill level 1 in Short Blades
  2205 | D:2      | Reached skill level 1 in Long Blades
  2205 | D:2      | Reached skill level 1 in Axes
  2205 | D:2      | Reached skill level 1 in Maces & Flails
  2205 | D:2      | Reached skill level 1 in Polearms
  2205 | D:2      | Reached skill level 1 in Staves
  2205 | D:2      | Reached skill level 1 in Slings
  2205 | D:2      | Reached skill level 1 in Bows
  2205 | D:2      | Reached skill level 1 in Crossbows
  2205 | D:2      | Reached skill level 1 in Throwing
  2205 | D:2      | Reached skill level 1 in Armour
  2205 | D:2      | Reached skill level 1 in Shields
  2315 | D:2      | Found Tieh's Magic Scroll Shoppe.
  2522 | D:2      | Noticed Jessica
  2542 | D:2      | Your ally died
  2543 | D:2      | Reached XP level 4. HP: 34/34 MP: 9/11
  2842 | D:3      | Learned a level 2 spell: Passwall
  3001 | D:3      | Reached skill level 1 in Conjurations
  3001 | D:3      | Reached skill level 1 in Hexes
  3001 | D:3      | Reached skill level 1 in Summonings
  3001 | D:3      | Reached skill level 1 in Necromancy
  3001 | D:3      | Reached skill level 1 in Translocations
  3001 | D:3      | Reached skill level 1 in Ice Magic
  3001 | D:3      | Reached skill level 1 in Air Magic
  3001 | D:3      | Reached skill level 1 in Earth Magic
  3001 | D:3      | Reached skill level 1 in Poison Magic
  3115 | D:3      | Found an opulent altar of Gozag.
  3121 | D:3      | Found Gozag's Platinum Reserve.
  3412 | D:3      | Became a worshipper of Gozag Ym Sagoz the Greedy
  3573 | D:4      | Reached XP level 5. HP: 2/40 MP: 12/12
  3574 | D:4      | HP: 1/40 [giant cockroach (1)]
  4453 | D:4      | Reached XP level 6. HP: 18/47 MP: 13/13
  4460 | D:4      | HP: 2/47 [orc (7)]
  4488 | D:4      | Slain by an iguana

Illustrated notes

Levels and vault maps discovered:
D:1:      dpeg_arrival_erosion, layout_loops_ring
D:2:      layout_loops_ring, serial_shops, shop, nicolae_shop_stone,
          uniq_jessica
D:3:      layout_basic, nicolae_gozag_zags_fifth_avenue
D:4:      layout_loops_ring, ashenzari_altar_1, uniq_menkaure

Skill      XL: |  1  2  3  4  5 |
---------------+----------------+-----
Transmutations | 2 |  2.5
Spellcasting   | 5 |  5.3
Invocations    | 1 2 |  2.0
Short Blades   | 1 |  1.7
Long Blades    | 1 |  1.7
Axes           | 1 |  1.7
Maces & Flails | 1 |  1.7
Polearms       | 1 |  1.7
Staves         | 1 |  1.7
Slings         | 1 |  1.7
Bows           | 1 |  1.7
Crossbows      | 1 |  1.7
Throwing       | 1 |  1.7
Armour         | 1 |  1.7
Shields        | 1 |  1.7
Conjurations   | 1 |  1.3
Hexes          | 1 |  1.3
Summonings     | 1 |  1.3
Necromancy     | 1 |  1.3
Translocations | 1 |  1.3
Ice Magic      | 1 |  1.3
Air Magic      | 1 |  1.3
Earth Magic    | 1 |  1.3
Poison Magic   | 1 |  1.3
Fighting       | 3 |  3.1
Dodging        | 3 |  3.1
Unarmed Combat | 3 |  3.1
Fire Magic     | 4 |  4.0
Evocations     | 3 |  3.1
Stealth        | |  2.9

Action                   |  1- 3 |  4- 6 || total
-------------------------+-------+-------++-------
Melee: Unarmed           |   101 |    70 ||   171
       Bite              |     5 |     2 ||     7
       Punch             |     1 |     2 ||     3
 Cast: Sting             |    34 |    41 ||    75
Evoke: Wand              |     1 |       ||     1
  Use: Potion            |     1 |     3 ||     4
       Scroll            |       |     1 ||     1
 Stab: Sleeping          |     1 |       ||     1
Armor: Robe              |    25 |     7 ||    32
Dodge: Dodged            |    72 |    35 ||   107
